 Dungeon Crawl Stone Soup version 0.28.0-43-g3370ac3207 (webtiles) character file.

Game seed: 15059169806817508959

3993 pkoi the Grappler (level 10, -11/93 (94) HPs)
             Began as a Troll Monk on Mar 26, 2022.
             Was an Initiate of Gozag.
             Mangled by a tengu warrior
             ... wielding a +0 dire flail
              (21 damage)
             ... on level 7 of the Dungeon.
             The game lasted 00:09:16 (8043 turns).

pkoi the Grappler (Troll Monk)                      Turns: 8043, Time: 00:09:17

HP:   -11/93 (94)   AC:  6    Str: 25    XL:     10   Next: 3%
MP:   9/9           EV: 11    Int:  6    God:    Gozag
Gold: 300           SH:  0    Dex: 14    Spells: 9/9 levels left

rFire   + . .      SeeInvis .     - Unarmed
rCold   + . .      Faith    .   (no shield)
rNeg    . . .      Spirit   .   a - +0 robe
rPois   .          Reflect  .   j - +2 hood of the Assassin {Detection Stab+ Stlth++}
rElec   .          Harm     .   w - scarf {rC+ rF+}
rCorr   .          Rampage  .   (gloves unavailable)
Will    +....                   (boots unavailable)
Stlth   ++++......              g - amulet of regeneration
HPRegen 1.85/turn               n - ring of willpower
MPRegen 0.11/turn               (no ring)

@: lightly drained
A: large, unfitting armour, claws 3, regeneration 1, shaggy fur 1, tough skin 1,
agile 1
a: Renounce Religion, Potion Petition, Call Merchant, Bribe Branch


You were on level 7 of the Dungeon.
You worshipped Gozag.
Gozag was aware of your devotion.
You visited 2 branches of the dungeon, and saw 9 of its levels.

You collected 900 gold pieces.
You spent 600 gold pieces at shops.

Inventory:

Hand Weapons
 h - a +0 whip of venom
Missiles
 u - 3 atropa-tipped darts (quivered)
 v - 4 poisoned darts
Armour
 a - a +0 robe (worn)
 d - a +1 cloak
 j - the +2 hood of the Assassin (worn) {Detection Stab+ Stlth++}
   (You bought it in a shop on level 4 of the Dungeon)

   It allows the wearer to sense nearby creatures.
   It allows the wearer to make particularly effective stabbing attacks against
   helpless or unaware enemies with any weapon.
   Stlth:     It makes you much more stealthy.
 w - a scarf of resistance (worn)
Jewellery
 g - an amulet of regeneration (around neck)
 n - a ring of willpower (left claw)
 p - a ring of ice
Wands
 s - a wand of paralysis (4)
Scrolls
 b - 2 scrolls of amnesia
 f - a scroll of fog {unknown}
 l - 3 scrolls of enchant armour
 o - a scroll of blinking {unknown}
 x - 3 scrolls of identify
 y - a scroll of brand weapon {unknown}
Potions
 c - 2 potions of mutation
 e - a potion of heal wounds
 i - 4 potions of curing
 k - a potion of magic
 m - a potion of lignification
 q - a potion of resistance {unknown}
 r - a potion of brilliance
 t - a potion of might
 z - a potion of attraction {unknown}
 A - a potion of invisibility {unknown}


   Skills:
 + Level 4.6 Fighting
 + Level 2.9 Throwing
 - Level 3.0 Armour
 + Level 4.6 Dodging
 + Level 1.6 Stealth
 * Level 11.3 Unarmed Combat
 + Level 2.4 Evocations


You had 9 spell levels left.
You didn't know any spells.
Your spell library contained the following spells:

 Spells                   Type           Power      Damage    Failure   Level
 Freeze                   Ice            0%         1d3       45%         1
 Slow                     Hex            0%         N/A       45%         1
 Confusing Touch          Hex            0%         N/A       83%         3
 Frozen Ramparts          Ice            0%         1d2       83%         3
 Ignite Poison            Fire/Tmut/Pois 0%         N/A       83%         3
 Mephitic Cloud           Conj/Pois/Air  0%         N/A       83%         3
 Vampiric Draining        Necr           0%         2d6       83%         3
 Hailstorm                Conj/Ice       0%         3d3       99%         4
 Freezing Cloud           Conj/Ice/Air   0%         6-21      100%        5


Dungeon Overview and Level Annotations

Branches:
Dungeon (8/15)             Temple (1/1) D:4
   Lair: D:8-11

Altars:
Ashenzari
Cheibriados
Dithmenos
Elyvilon
Fedhas
Gozag
Hepliaklqana
Kikubaaqudgha
Makhleb
Nemelex Xobeh
Okawaru
Qazlal
Ru
Sif Muna
Trog
Uskayaw
Vehumet
Wu Jian
Xom
Yredelemnul
Zin
The Shining One

Shops:
D:2 =(   D:4 [[


Innate Abilities, Weirdness & Mutations

You are too large for most types of armour.
You have claws for hands.
Your natural rate of healing is unusually fast.
You are covered in fur. (AC +1)
You have tough skin. (AC +1)
You are agile. (Dex +2)


Message History

The arrow hits you!
* * * LOW HITPOINT WARNING * * *
The centaur shoots an arrow.
The arrow barely misses you.
The orc throws a boomerang.
The boomerang misses you.
The tengu warrior hits you with a +0 dire flail!
* * * LOW HITPOINT WARNING * * *
The tengu warrior pecks you.
* * * LOW HITPOINT WARNING * * *
The tengu warrior claws you but does no damage.
There is a stone staircase leading up here.
The tengu warrior hits you with a +0 dire flail.
* * * LOW HITPOINT WARNING * * *
The tengu warrior pecks you.
* * * LOW HITPOINT WARNING * * *
The tengu warrior claws you.
* * * LOW HITPOINT WARNING * * *
You climb upwards.
There is a stone staircase leading down here.
You barely miss the tengu warrior.
The tengu warrior is heavily wounded.
Unknown command.
You claw the tengu warrior!
The tengu warrior is severely wounded.
The tengu warrior hits you with a +0 dire flail!!
* * * LOW HITPOINT WARNING * * *
The tengu warrior pecks you but does no damage.
The tengu warrior claws you but does no damage.
You closely miss the tengu warrior.
The tengu warrior is severely wounded.
The tengu warrior hits you with a +0 dire flail!
* * * LOW HITPOINT WARNING * * *
The tengu warrior pecks you.
* * * LOW HITPOINT WARNING * * *
The tengu warrior claws you.
* * * LOW HITPOINT WARNING * * *
You completely miss the tengu warrior.
The tengu warrior is severely wounded.
The tengu warrior hits you with a +0 dire flail!!
You die...
Your body crumbles into a pile of gold.

##..## #.## ##..## #..# ##..##
##.# #..## #..# ### #.## #.##
##.## #..# #.# ##.#.##### ##.##
#.##
######.###....#####..######..#
#..<....#.##....@Q.......###.#
#.######.###..##.###.##...##.####
#.# #..........#.# #.##...##.....
#.# #.######...#.# #..........###
#.# #.# #...#.# #...........##
#.# #.######...#.# #..>..........
#.# #.##.........# #..#...#....##
#.# #.##.#####.### #........#.##
#.# #.##.# #.# #..#####.>.#


You could see a tengu warrior.

Vanquished Creatures
  Pikel (D:5)
  Maggie (D:7)
  A hornet (D:8)
  A wyvern (D:8)
  A steam dragon (D:6)
  2 sky beasts
  A black bear (D:7)
  3 orc warriors
  2 ogres
  2 centaurs
  A phantom (D:6)
  3 bullfrogs
  A gnoll sergeant (D:7)
  5 scorpions
  A water moccasin skeleton (D:7)
  3 wights (D:8)
  2 bullfrog zombies
  2 jellies
  2 orc priests
  Crazy Yiuf (D:7)
  2 hounds
  A bullfrog skeleton (D:6)
  3 centaur skeletons
  A gnoll shaman (D:2)
  3 iguanas
  4 orc wizards
  Natasha (thrice) (D:3)
  A killer bee zombie (D:6)
  A howler monkey zombie (D:6)
  Robin (D:3)
  18 gnolls
  7 adders
  A shadow imp (D:6)
  A white imp (D:8)
  3 ufetubi
  2 worms
  The ghost of cbfl8 the Sneak, a weakling MiDe (D:5)
  2 dart slugs
  21 orcs
  4 ball pythons
  6 bats
  6 endoplasms
  3 giant cockroaches
  12 goblins
  7 hobgoblins
  8 jackals
  6 kobolds
  2 frilled lizards
  9 rats
175 creatures vanquished.

Vanquished Creatures (others)
  A fungus (D:8)
1 creature vanquished.

Grand Total: 176 creatures vanquished

Notes
Turn   | Place    | Note
-------+----------+-------------------------------------------
     0 | D:1      | pkoi the Troll Monk began the quest for the Orb.
     0 | D:1      | Reached XP level 1. HP: 22/22 MP: 0/0
    60 | D:1      | Found a faded altar of an unknown god.
    78 | D:1      | Reached XP level 2. HP: 29/29 MP: 1/1
   206 | D:1      | Reached skill level 4 in Unarmed Combat
   308 | D:1      | Reached XP level 3. HP: 36/36 MP: 2/2
   655 | D:2      | Reached skill level 5 in Unarmed Combat
   655 | D:2      | Reached XP level 4. HP: 10/44 MP: 3/3
  1025 | D:2      | Found Ahiyrous's Antique Weapon Shoppe.
  1147 | D:2      | Found Zealaask's Jewellery Emporium.
  1197 | D:2      | Reached XP level 5. HP: 47/50 MP: 4/4
  1766 | D:3      | Reached skill level 6 in Unarmed Combat
  1853 | D:3      | Noticed Natasha
  1857 | D:3      | Killed Natasha
  1865 | D:3      | Noticed Natasha
  1871 | D:3      | Killed Natasha
  1879 | D:3      | Noticed Natasha
  1881 | D:3      | You fall into a shaft and drop 3 floors!
  1892 | D:6      | Reached skill level 7 in Unarmed Combat
  1892 | D:6      | Reached XP level 6. HP: 49/59 MP: 5/5
  2000 | D:6      | Noticed a steam dragon
  2010 | D:6      | Killed a steam dragon
  2288 | D:5      | Entered Level 5 of the Dungeon
  2329 | D:5      | Reached skill level 8 in Unarmed Combat
  2329 | D:5      | Reached XP level 7. HP: 57/66 MP: 6/6
  2749 | D:4      | Found a staircase to the Ecumenical Temple.
  2760 | Temple   | Entered the Ecumenical Temple
  3011 | Temple   | Became a worshipper of Gozag Ym Sagoz the Greedy
  3187 | D:4      | Reached skill level 9 in Unarmed Combat
  3454 | D:4      | Found Jyanwam's Armour Boutique.
  3484 | D:4      | Found Cueru's Armour Shop.
  3801 | D:3      | Noticed Robin
  3809 | D:3      | Killed Robin
  3873 | D:3      | Killed Natasha
  4440 | D:5      | Reached skill level 1 in Armour
  4448 | D:5      | Found a runed translucent gate.
  4448 | D:5      | Found a runed translucent gate.
  4448 | D:5      | Found a runed translucent gate.
  4449 | D:5      | Noticed cbfl8's ghost (weakling MiDe)
  4481 | D:5      | Reached XP level 8. HP: 72/74 MP: 7/7
  4520 | D:5      | Killed cbfl8's ghost
  4625 | D:5      | Noticed Pikel
  4638 | D:5      | Killed Pikel
  4639 | D:5      | Reached skill level 10 in Unarmed Combat
  5661 | D:6      | Reached XP level 9. HP: 35/84 MP: 8/8
  5858 | D:6      | Reached skill level 1 in Throwing
  5970 | D:6      | Reached skill level 1 in Evocations
  6368 | D:7      | Gained mutation: You are agile. (Dex +2) [potion of
                  | mutation]
  6555 | D:7      | Noticed Maggie
  6575 | D:7      | Killed Maggie
  6894 | D:7      | Found a runed translucent door.
  6895 | D:7      | Noticed Crazy Yiuf
  6939 | D:7      | Killed Crazy Yiuf
  7094 | D:4      | Bought the +2 hood of the Assassin {Detection Stab+
                  | Stlth++} for 600 gold pieces
  7094 | D:4      | Found the +2 hood of the Assassin {Detection Stab+ Stlth++}
  7433 | D:8      | Reached skill level 11 in Unarmed Combat
  7635 | D:8      | Paralysed by a hornet for 2 turns
  7788 | D:8      | Found a hide-covered altar of Uskayaw.
  7789 | D:8      | Found a bloodstained altar of Trog.
  7790 | D:8      | Found a broken altar of Ashenzari.
  7790 | D:8      | Found a shimmering altar of Xom.
  7802 | D:8      | Reached XP level 10. HP: 82/94 MP: 9/9
  7989 | D:8      | Noticed a tengu warrior
  8043 | D:7      | Mangled by a tengu warrior

Illustrated notes

Levels and vault maps discovered:
D:1:      scummos_arrival_hexagon, layout_loops_ring,
          hellmonk_ecumenical_altar_blasted, nrook_campfire, minmay_tetromino_l2
D:2:      layout_basic, serial_shops, nicolae_shop_statue_plus,
          nicolae_shop_temple_entry_statues_fountains, minivault_26,
          minmay_indecisive_spiral
D:3:      layout_loops_ring, uniq_natasha, uniq_robin
D:4:      layout_loops_ring, temple_fountains, serial_shops,
          kennysheep_little_box, shop
D:5:      layout_layer_cave, ebering_ghost_rock_garden,
          kennysheep_generic_room_10, uniq_pikel
D:6:      layout_basic, grunt_decor_arrowhead, nrook_mini_backslash
D:7:      layout_loops_ring, hex_tiny, uniq_crazy_yiuf_cottage, uniq_maggie
D:8:      layout_basic, mainiacjoe_overflow_alcove_3, kennysheep_generic_room_6
Temple:   dpeg_five_rooms_temple

Skill      XL: |  1  2  3  4  5  6  7  8  9 |
---------------+----------------------------+-----
Unarmed Combat | 4 5 7 8 9 10 11 | 11.3
Armour         | 1 2 3 |  3.0
Fighting       | 3 4 |  4.6
Dodging        | 3 4 |  4.6
Throwing       | 2 |  2.9
Evocations     | 2 |  2.4
Stealth        | |  1.6

Action                   |  1- 3 |  4- 6 |  7- 9 | 10-12 || total
-------------------------+-------+-------+-------+-------++-------
Melee: Unarmed           |    65 |   100 |   272 |    22 ||   459
       Punch             |     1 |     3 |    13 |     2 ||    19
Evoke: Wand              |       |       |     5 |       ||     5
  Use: Scroll            |     1 |       |     8 |       ||     9
       Potion            |       |       |     5 |       ||     5
 Stab: Sleeping          |     6 |     5 |     1 |       ||    12
       Distracted        |       |       |     1 |     1 ||     2
       Paralysed         |       |       |     1 |       ||     1
Armor: Robe              |    27 |    24 |    59 |    26 ||   136
Dodge: Dodged            |    38 |    43 |   100 |    39 ||   220
